TOP OF THE 1ST |
Hendersonville Hitmen batting - Pitching for New Orleans Looters : RHP Marty Bradford
|
Pitching: RHP Marty Bradford
|
|
Batting: RHB Eduardo García
|
0-0: Ball 1-0: Foul Ball, location: 2F 1-1: Called Strike 1-2: Ball 2-2: Ball 3-2: Ground out 4-3 (Groundball, 4S)
|
Batting: LHB Lorenzo Quintanilla
|
0-0: Called Strike 0-1: Ball 1-1: Ball 2-1: Ground out 6-3 (Groundball, 6)
|
Batting: RHB Manolo Román
|
0-0: Ball 1-0: Ground out 1-3 (Groundball, 13)
|
Top of the 1st over - 0 run(s), 0 hit(s), 0 error(s), 0 left on base; Hendersonville 0 - New Orleans 0 |
BOTTOM OF THE 1ST |
New Orleans Looters batting - Pitching for Hendersonville Hitmen : LHP Simon Martel
|
Pitching: LHP Simon Martel
|
|
Batting: RHB José Mora
|
0-0: Ball 1-0: Ball 2-0: Fly out, F9 (Flyball, 9S)
|
Batting: RHB Stephen Shaw
|
0-0: Foul Ball, location: 2F 0-1: Foul Ball, location: 2F 0-2: Ball 1-2: Ball 2-2: Ground out 6-3 (Groundball, 6)
|
Batting: LHB Taylor Smith
|
0-0: Foul Ball, location: 2F 0-1: Foul Ball, location: 2F 0-2: Ball 1-2: Strikes out swinging
|
Bottom of the 1st over - 0 run(s), 0 hit(s), 0 error(s), 0 left on base; Hendersonville 0 - New Orleans 0 |
TOP OF THE 2ND |
Hendersonville Hitmen batting - Pitching for New Orleans Looters : RHP Marty Bradford
|
Batting: LHB Tony Abete
|
0-0: Called Strike 0-1: Ball 1-1: DOUBLE (Line Drive, 7LM)
|
Batting: RHB Robert Buckley
|
0-0: Foul Ball, location: 2F 0-1: Ground out 6-3 (Groundball, 6)
|
Batting: RHB Felipe Rivera
|
0-0: Foul Ball, location: 2F 0-1: Ground out 4-3 (Groundball, 4) Tony Abete to third
|
Batting: RHB Bill Mark
|
0-0: Ball 1-0: Foul Ball, location: 2F 1-1: Ball 2-1: Foul Ball, location: 2F 2-2: Fly out, F3 (Popup, 3DF)
|
Top of the 2nd over - 0 run(s), 1 hit(s), 0 error(s), 1 left on base; Hendersonville 0 - New Orleans 0 |
BOTTOM OF THE 2ND |
New Orleans Looters batting - Pitching for Hendersonville Hitmen : LHP Simon Martel
|
Batting: RHB Francisco Ibarra
|
0-0: Foul Ball, location: 2F 0-1: Called Strike 0-2: Strikes out swinging
|
Batting: LHB Luis Sánchez
|
0-0: Ball 1-0: Called Strike 1-1: Foul Ball, location: 2F 1-2: Fly out, F8 (Flyball, 8RXD)
|
Batting: SHB Nate Rhodes
|
0-0: Foul Ball, location: 2F 0-1: Ball 1-1: Bunted foul 1-2: Ball 2-2: Foul Ball, location: 2F 2-2: DOUBLE (Flyball, 7LD)
|
Batting: RHB Luis Alou
|
0-0: Called Strike 0-1: Called Strike 0-2: Ball 1-2: Ball 2-2: Strikes out swinging
|
Bottom of the 2nd over - 0 run(s), 1 hit(s), 0 error(s), 1 left on base; Hendersonville 0 - New Orleans 0 |
TOP OF THE 3RD |
Hendersonville Hitmen batting - Pitching for New Orleans Looters : RHP Marty Bradford
|
Batting: RHB Taylor McFarland
|
0-0: Ball 1-0: Fly out, F8 (Flyball, 8LM)
|
Batting: RHB Robert Bly
|
0-0: Ball 1-0: Swinging Strike 1-1: Foul Ball, location: 2F 1-2: Strikes out swinging
|
Batting: RHB Eduardo García
|
0-0: Called Strike 0-1: Fly out, F9 (Flyball, 89M)
|
Top of the 3rd over - 0 run(s), 0 hit(s), 0 error(s), 0 left on base; Hendersonville 0 - New Orleans 0 |
BOTTOM OF THE 3RD |
New Orleans Looters batting - Pitching for Hendersonville Hitmen : LHP Simon Martel
|
Batting: RHB Dave O'Loan
|
0-0: Ball 1-0: Swinging Strike 1-1: Foul Ball, location: 2F 1-2: Ground out 1-3 (Groundball, 13S)
|
Batting: RHB Ángel Castaneda
|
0-0: Fly out, F7 (Flyball, 7D)
|
Batting: RHB José Mora
|
0-0: Ball 1-0: Ball 2-0: Ball 3-0: Ground out 5-3 (Groundball, 56)
|
Bottom of the 3rd over - 0 run(s), 0 hit(s), 0 error(s), 0 left on base; Hendersonville 0 - New Orleans 0 |
TOP OF THE 4TH |
Hendersonville Hitmen batting - Pitching for New Orleans Looters : RHP Marty Bradford
|
Batting: LHB Lorenzo Quintanilla
|
0-0: Ground out 5-3 (Groundball, 56)
|
Batting: RHB Manolo Román
|
0-0: Fly out, F3 (Popup, 3DF)
|
Batting: LHB Tony Abete
|
0-0: Ball 1-0: Ball 2-0: Called Strike 2-1: Ground out 4-3 (Groundball, 4)
|
Top of the 4th over - 0 run(s), 0 hit(s), 0 error(s), 0 left on base; Hendersonville 0 - New Orleans 0 |
BOTTOM OF THE 4TH |
New Orleans Looters batting - Pitching for Hendersonville Hitmen : LHP Simon Martel
|
Batting: RHB Stephen Shaw
|
0-0: Foul Ball, location: 2F 0-1: Ball 1-1: Called Strike 1-2: Ball 2-2: Ball 3-2: SINGLE (Line Drive, 6MD)
|
Batting: LHB Taylor Smith
|
0-0: Called Strike 0-1: Foul Ball, location: 2F 0-2: Ball 1-2: Foul Ball, location: 2F 1-2: Ball 2-2: Fly out, F8 (Line Drive, 8LD)
|
Batting: RHB Francisco Ibarra
|
0-0: Fly out, F5 (Line Drive, 5)
|
Batting: LHB Luis Sánchez
|
0-0: Called Strike 0-1: Ball 1-1: SINGLE (Flyball, 8LS) Stephen Shaw to second
|
Batting: SHB Nate Rhodes
|
0-0: Swinging Strike 0-1: Called Strike 0-2: Foul Ball, location: 2F 0-2: Foul Ball, location: 2F 0-2: Foul Ball, location: 2F 0-2: Strikes out swinging
|
Bottom of the 4th over - 0 run(s), 2 hit(s), 0 error(s), 2 left on base; Hendersonville 0 - New Orleans 0 |
TOP OF THE 5TH |
Hendersonville Hitmen batting - Pitching for New Orleans Looters : RHP Marty Bradford
|
Batting: RHB Robert Buckley
|
0-0: Called Strike 0-1: Ball 1-1: Called Strike 1-2: Strikes out looking
|
Batting: RHB Felipe Rivera
|
0-0: Foul Ball, location: 2F 0-1: DOUBLE (Line Drive, 5D)
|
Batting: RHB Bill Mark
|
0-0: Ball 1-0: Ball 2-0: Foul Ball, location: 2F 2-1: Foul Ball, location: 2F 2-2: Ball 3-2: Strikes out swinging
|
Batting: RHB Taylor McFarland
|
0-0: Foul Ball, location: 2F 0-1: Swinging Strike 0-2: Foul Ball, location: 2F 0-2: Ball 1-2: Ball 2-2: Strikes out swinging
|
Top of the 5th over - 0 run(s), 1 hit(s), 0 error(s), 1 left on base; Hendersonville 0 - New Orleans 0 |
BOTTOM OF THE 5TH |
New Orleans Looters batting - Pitching for Hendersonville Hitmen : LHP Simon Martel
|
Batting: RHB Luis Alou
|
0-0: Called Strike 0-1: Ball 1-1: Ball 2-1: Swinging Strike 2-2: Ball 3-2: Base on Balls
|
Batting: RHB Dave O'Loan
|
0-0: Ball 1-0: Foul Ball, location: 2F 1-1: Fly out, F5 (Line Drive, 56)
|
Batting: RHB Ángel Castaneda
|
0-0: Called Strike 0-1: Foul Ball, location: 2F 0-2: Foul Ball, location: 2F 0-2: Ball 1-2: Fly out, F2 (Popup, 2RF)
|
Batting: RHB José Mora
|
0-0: Foul Ball, location: 2F 0-1: Ball 1-1: Ball 2-1: SINGLE (Groundball, 6MD) Luis Alou to second
|
Batting: RHB Stephen Shaw
|
0-0: Ball 1-0: Called Strike 1-1: Ground out 3-1 (Groundball, 3)
|
Bottom of the 5th over - 0 run(s), 1 hit(s), 0 error(s), 2 left on base; Hendersonville 0 - New Orleans 0 |
TOP OF THE 6TH |
Hendersonville Hitmen batting - Pitching for New Orleans Looters : RHP Marty Bradford
|
Batting: RHB Robert Bly
|
0-0: Called Strike 0-1: Foul Ball, location: 2F 0-2: Ball 1-2: Ball 2-2: Ball 3-2: SINGLE (Line Drive, 9LS)
|
Batting: RHB Eduardo García
|
0-0: Called Strike 0-1: Called Strike 0-2: Ball 1-2: Ball 2-2: Foul Ball, location: 2F 2-2: Fielders Choice at 2nd, 3-6 (Groundball, 3)
|
Batting: LHB Lorenzo Quintanilla
|
0-0: Ball 1-0: Ball 2-0: SINGLE (Groundball, 4M) Eduardo García to second
|
Batting: RHB Manolo Román
|
0-0: Called Strike 0-1: Fly out, F8 (Flyball, 8RD) Runner from 2nd tags up, SAFE at 3rd, no throw
|
Batting: LHB Tony Abete
|
0-0: Ball 1-0: Ball 2-0: Foul Ball, location: 2F 2-1: Ball 3-1: Foul Ball, location: 2F 3-2: Foul Ball, location: 2F 3-2: Base on Balls Lorenzo Quintanilla to second
|
Batting: RHB Robert Buckley
|
0-0: Called Strike 0-1: Swinging Strike 0-2: Ball 1-2: Ball 2-2: Strikes out looking
|
Top of the 6th over - 0 run(s), 2 hit(s), 0 error(s), 3 left on base; Hendersonville 0 - New Orleans 0 |
BOTTOM OF THE 6TH |
New Orleans Looters batting - Pitching for Hendersonville Hitmen : LHP Simon Martel
|
Batting: LHB Taylor Smith
|
0-0: Ball 1-0: Called Strike 1-1: Ground out 4-3 (Groundball, 4)
|
Batting: RHB Francisco Ibarra
|
0-0: Ball 1-0: Foul Ball, location: 2F 1-1: Ball 2-1: Called Strike 2-2: Ground out 5-3 (Groundball, 5)
|
Batting: LHB Luis Sánchez
|
0-0: Called Strike 0-1: Ball 1-1: Ball 2-1: Swinging Strike 2-2: Foul Ball, location: 2F 2-2: Foul Ball, location: 2F 2-2: Foul Ball, location: 2F 2-2: Fly out, F5 (Popup, 5F)
|
Bottom of the 6th over - 0 run(s), 0 hit(s), 0 error(s), 0 left on base; Hendersonville 0 - New Orleans 0 |
TOP OF THE 7TH |
Hendersonville Hitmen batting - Pitching for New Orleans Looters : RHP Marty Bradford
|
Pinch Hitting: SHB David Johnstone
|
0-0: Called Strike 0-1: Swinging Strike 0-2: Strikes out swinging
|
Pinch Hitting: LHB José Flores
|
0-0: Called Strike 0-1: SINGLE (Line Drive, 56D)
|
Batting: RHB Taylor McFarland
|
0-0: Called Strike 0-1: Foul Ball, location: 2F 0-2: Ball 1-2: SINGLE (Groundball, 56) José Flores to second
|
Batting: RHB Robert Bly
|
0-0: Ball 1-0: Swinging Strike 1-1: Foul Ball, location: 2F 1-2: Ball 2-2: Ball 3-2: Ground out 5-3 (Groundball, 56S) José Flores to third Taylor McFarland to second
|
Batting: RHB Eduardo García
|
0-0: Called Strike 0-1: Ball 1-1: Fly out, F9 (Line Drive, 9S)
|
Top of the 7th over - 0 run(s), 2 hit(s), 0 error(s), 2 left on base; Hendersonville 0 - New Orleans 0 |
BOTTOM OF THE 7TH |
New Orleans Looters batting - Pitching for Hendersonville Hitmen : LHP Simon Martel
|
Now at 1B: David Johnstone
|
|
Now in RF: José Flores
|
|
Batting: SHB Nate Rhodes
|
0-0: Ball 1-0: Ball 2-0: Ball 3-0: Called Strike 3-1: SINGLE (Line Drive, 4MD)
|
Batting: RHB Luis Alou
|
0-0: Ball 1-0: Ball 2-0: Bunted foul 2-1: Bunted foul 2-2: Ball 3-2: Foul Ball, location: 2F 3-2: SINGLE (Line Drive, 9LS) Nate Rhodes to second
|
Pitching: LHP Alfonso Ramos
|
|
Batting: RHB Dave O'Loan
|
0-0: Ball 1-0: Bunted foul 1-1: Bunted foul 1-2: Ball 2-2: Strikes out swinging
|
Batting: RHB Ángel Castaneda
|
0-0: Swinging Strike 0-1: Called Strike Luis Alou is caught stealing 2nd base 0-2: Foul Ball, location: 2F 0-2: Strikes out swinging
|
Bottom of the 7th over - 0 run(s), 2 hit(s), 0 error(s), 1 left on base; Hendersonville 0 - New Orleans 0 |
TOP OF THE 8TH |
Hendersonville Hitmen batting - Pitching for New Orleans Looters : RHP Marty Bradford
|
Pitching: LHP Juan Fuentes
|
|
Pinch Hitting: RHB Junior Vargas
|
0-0: Ball 1-0: Ball 2-0: Foul Ball, location: 2F 2-1: SINGLE (Line Drive, 56)
|
Batting: RHB Manolo Román
|
0-0: Ball 1-0: Foul Ball, location: 2F 1-1: Ball 2-1: Ball 3-1: Called Strike 3-2: Foul Ball, location: 2F 3-2: SINGLE (Groundball, 6MD) Junior Vargas to second
|
Batting: LHB Tony Abete
|
0-0: Called Strike 0-1: Called Strike 0-2: Ball 1-2: Strikes out looking
|
Batting: RHB Robert Buckley
|
0-0: Ball 1-0: Ball 2-0: Fly out, F7 (Flyball, 7S)
|
Batting: SHB David Johnstone
|
0-0: Called Strike 0-1: SINGLE (Groundball, 56) Junior Vargas to third Manolo Román to second Runner from 3rd tries for Home, SAFE, throw made home
|
Pinch Hitting: LHB Pedro Gonzáles
|
0-0: Ground out 4-3 (Groundball, 34)
|
Top of the 8th over - 1 run(s), 3 hit(s), 0 error(s), 2 left on base; Hendersonville 1 - New Orleans 0 |
BOTTOM OF THE 8TH |
New Orleans Looters batting - Pitching for Hendersonville Hitmen : LHP Alfonso Ramos
|
Pitching: RHP Robinson Gonzáles
|
|
Now at 1B: Junior Vargas
|
|
Now in RF: Pedro Gonzáles
|
|
Batting: RHB José Mora
|
0-0: Foul Ball, location: 2F 0-1: Ball 1-1: Fly out, F9 (Flyball, 89D)
|
Batting: RHB Stephen Shaw
|
0-0: Ball 1-0: Called Strike 1-1: Foul Ball, location: 2F 1-2: Ball 2-2: Strikes out swinging
|
Batting: LHB Taylor Smith
|
0-0: Ground out 4-3 (Groundball, 4)
|
Bottom of the 8th over - 0 run(s), 0 hit(s), 0 error(s), 0 left on base; Hendersonville 1 - New Orleans 0 |
TOP OF THE 9TH |
Hendersonville Hitmen batting - Pitching for New Orleans Looters : LHP Juan Fuentes
|
Pitching: LHP Juan Méndez
|
|
Batting: RHB Taylor McFarland
|
0-0: Called Strike 0-1: Ball 1-1: Ground out 5-3 (Groundball, 5)
|
Batting: RHB Robert Bly
|
0-0: Ball 1-0: Foul Ball, location: 2F 1-1: SINGLE (Groundball, 56D)
|
Batting: RHB Eduardo García
|
0-0: Ball 1-0: Ground out 4-3 (Groundball, 4M) Robert Bly to second
|
Batting: RHB Junior Vargas
|
0-0: Called Strike 0-1: Foul Ball, location: 2F 0-2: Fly out, F7 (Flyball, 78XD)
|
Top of the 9th over - 0 run(s), 1 hit(s), 0 error(s), 1 left on base; Hendersonville 1 - New Orleans 0 |
BOTTOM OF THE 9TH |
New Orleans Looters batting - Pitching for Hendersonville Hitmen : RHP Robinson Gonzáles
|
Pitching: RHP Edward Cadle
|
|
Pinch Hitting: LHB Justino Salas
|
0-0: Ball 1-0: Ball 2-0: Ball 3-0: Called Strike 3-1: Swinging Strike 3-2: Foul Ball, location: 2F 3-2: SINGLE (Line Drive, 4MD)
|
Pinch Runner at 1st Francisco Vega:
|
|
Batting: LHB Luis Sánchez
|
0-0: Foul Ball, location: 2F 0-1: Ball 1-1: Fielders Choice at 2nd, 4-6 (Groundball, 4)
|
Batting: SHB Nate Rhodes
|
0-0: Foul Ball, location: 2F 0-1: Foul Ball, location: 2F 0-2: Ball 1-2: DOUBLE (Line Drive, 9LM) Luis Sánchez to third
|
Batting: RHB Luis Alou
|
0-0: Foul Ball, location: 2F 0-1: SINGLE (Groundball, 5L) Luis Sánchez scores Nate Rhodes to third Runner from 3rd tries for Home, SAFE, no throw or cutoff
|
Monday, December 5th, 2016 - OOTP Baseball 17.12 Build 75
|
|